 Dungeon Crawl Stone Soup version 0.22-a0-422-g9628fc87f1 (webtiles) character file.

85 Banto the Sneak (level 4, -1/27 HPs)
             Began as an Octopode Earth Elementalist on May 18, 2018.
             Was an Initiate of Sif Muna.
             Slain by Grinder (6 damage)
             ... on level 3 of the Dungeon.
             The game lasted 00:02:02 (2094 turns).

Banto the Sneak (Octopode Earth Elementalist)       Turns: 2094, Time: 00:02:02

Health: -1/27      AC:  1    Str:  7    XL:     4   Next: 48%
Magic:  3/7        EV: 18    Int: 20    God:    Sif Muna [......]
Gold:   126        SH:  0    Dex: 15    Spells: 1/7 levels left

rFire    . . .     SeeInvis .   m - +1 dagger (venom)
rCold    . . .     Gourm    .   (no shield)
rNeg     . . .     Faith    .   (helmet restricted)
rPois    .         Spirit   .   (no amulet)
rElec    .         Reflect  .   (no ring)
rCorr    .         Harm     .   (no ring)
MR       .....                  (no ring)
Stlth    +++++.....             (no ring)
HPRegen  0.09/turn              (no ring)
MPRegen  0.10/turn              (no ring)
                                (no ring)
                                (no ring)

@: agile
A: almost no armour, stealthy swim, amphibious, 8 rings, constrict 8, camouflage
1, blurry vision 1, clever 1, clumsy 1, gelatinous body 1
a: Renounce Religion


You were on level 3 of the Dungeon.
You worshipped Sif Muna.
Sif Muna was noncommittal.
You were not hungry.

You visited 1 branch of the dungeon, and saw 3 of its levels.

You collected 126 gold pieces.

Inventory:

Hand Weapons
 e - a +0 club
 m - a +1 dagger of venom (weapon)
Missiles
 b - 84 stones (quivered)
Armour
 k - a +0 buckler
Scrolls
 d - a scroll of teleportation {unknown}
 h - a scroll of immolation {unknown}
 j - a scroll of fear {unknown}
 l - a scroll of enchant weapon {unknown}
 n - 2 scrolls of identify
 p - 2 scrolls of amnesia {unknown}
Potions
 a - 2 potions of brilliance
 g - a potion of heal wounds
 o - 2 potions of flight {unknown}
Comestibles
 c - 7 rations


   Skills:
 - Level 2.0 Dodging
 + Level 5.0 Stealth
 - Level 2.0 Spellcasting
 - Level 1.0 Transmutations
 + Level 4.2 Earth Magic


You had one spell level left.
You knew the following spells:

 Your Spells              Type           Power        Failure   Level  Hunger
a - Sandblast             Erth           ###...       2%          1    #......
b - Passwall              Tmut/Erth      ##........   9%          2    ##.....
c - Stone Arrow           Conj/Erth      ##....       21%         3    ###....

Your spell library contained the following spells:

 Spells                   Type           Power        Failure   Level  Hunger
 Lee's Rapid Deconstruct  Erth           ###.......   61%         5    ######.
 Petrify                  Tmut/Erth      ##......     47%         4    #####..


Dungeon Overview and Level Annotations

Branches:
Dungeon (3/15)

Altars:
Dithmenos
Gozag
Kikubaaqudgha
Sif Muna

Annotations:
D:3 Grinder


Innate Abilities, Weirdness & Mutations

You cannot wear most types of armour.
You are very stealthy in the water. (Stealth+)
You are amphibious.
You can wear up to eight rings at the same time.
You can use your tentacles to constrict eight enemies at once.
Your skin changes colour to match your surroundings (Stealth+).
Your rubbery body absorbs attacks. (AC +1, EV +1)
Scrolls take you a little longer to read.
Your mind is acute. (Int +2)
You are clumsy. (Dex -2)


Message History

* * * LOW HITPOINT WARNING * * *
You take 14 damage, and have 6/27 hp.
MASSIVE DAMAGE!!
You now have 4/7 mp.
Casting: Sandblast (safe; 3% risk of failure)
Confirm with . or Enter, or press ? or * to list all spells.
Aiming: Sandblast (safe; 3% risk of failure)
Press: ? - help, Shift-Dir - straight line, f/p - Grinder
Aim: Grinder (moderately wounded)
The blast of sand misses Grinder.
b - 84 stones Grinder barely misses you.
You now have 3/7 mp.
It was a potion of agility.
You feel agile all of a sudden. Grinder barely misses you.
It was a potion of mutation.
You feel extremely strange.
You feel clumsy.
Your vision blurs.
You feel clever. Grinder hits you.
* * * LOW HITPOINT WARNING * * *
You writhe in agony.
You die...

... ##+## ###
###.####.##
#.# ..# #.#
#... ..# #.#
#.# #### ###
######.# #.# #
.....#.#####.#
# #.........#
# #.#.#######
# #.###...# #
#..5@.### #
###>### ...
#.### #


You could see Grinder.

Vanquished Creatures
  A gnoll (D:1)
  An adder (D:3)
  2 oozes
  2 worms (D:2)
  A dart slug (D:2)
  2 leopard geckos
  3 ball pythons
  A giant cockroach (D:2)
  8 goblins
  8 hobgoblins
  A quokka (D:2)
  8 bats
  2 frilled lizards
  A kobold (D:2)
  4 rats
45 creatures vanquished.

Notes
Turn   | Place    | Note
-------+----------+-------------------------------------------
     0 | D:1      | Banto the Octopode Earth Elementalist began the quest for the Orb.
     0 | D:1      | Reached XP level 1. HP: 11/11 MP: 3/3
    50 | D:1      | Reached skill level 3 in Stealth
    50 | D:1      | Reached XP level 2. HP: 17/17 MP: 0/5
   581 | D:1      | Reached XP level 3. HP: 19/21 MP: 6/6
   766 | D:2      | Reached skill level 4 in Stealth
  1035 | D:2      | Found a shadowy altar of Dithmenos.
  1400 | D:2      | Reached XP level 4. HP: 20/27 MP: 7/7
  1664 | D:2      | Learned a level 2 spell: Passwall
  1668 | D:2      | Learned a level 3 spell: Stone Arrow
  1748 | D:2      | Found a deep blue altar of Sif Muna.
  1748 | D:2      | Found an opulent altar of Gozag.
  1752 | D:2      | Became a worshipper of Sif Muna the Loreminder
  1852 | D:3      | Found an ancient bone altar of Kikubaaqudgha.
  2051 | D:3      | Reached skill level 5 in Stealth
  2086 | D:3      | Noticed Grinder
  2094 | D:3      | Gained mutation: You are clumsy. (Dex -2) [potion of mutation]
  2094 | D:3      | Gained mutation: Scrolls take you a little longer to read. [potion of mutation]
  2094 | D:3      | Gained mutation: Your mind is acute. (Int +2) [potion of mutation]
  2094 | D:3      | Slain by Grinder

Vault maps used:
D:1:      lemuel_arrival_hallway, serial_bayou_pond_a
D:2:      grunt_dithmenos_smoke, gammafunk_temple_overflow_wave
D:3:      lemuel_doored_altar, chequers_ecumenical_altar_twisty,
          minmay_misc_feat_encased, uniq_grinder

Skill      XL: |  1  2  3  4 |
---------------+-------------+-----
Stealth        | 3 4 5 |  5.0
Earth Magic    | 4 |  4.2
Dodging        | |  2.0
Spellcasting   | |  2.0
Transmutations | |  1.0

Action                   |  1- 3 |  4- 6 || total
-------------------------+-------+-------++-------
Melee: Unarmed           |     9 |       ||     9
       Constrict         |    10 |    11 ||    21
       Club              |    27 |       ||    27
       Tentacles         |     5 |     3 ||     8
       Dagger            |    13 |    28 ||    41
 Cast: Sandblast         |    20 |     4 ||    24
  Use: Scroll            |     1 |       ||     1
       Potion            |       |     3 ||     3
 Stab: Sleeping          |     8 |     3 ||    11
  Eat: Chunk             |     2 |     2 ||     4
Armor: Skin              |     3 |     4 ||     7
Dodge: Dodged            |    52 |    27 ||    79

Table legend:
 A = Spawn XP
 B = Non-spawn XP
 C = Spawn XP percentage of total XP
 D = Spawn monster count
 E = Non-spawn monster count
 F = Spawn count percentage of total count
 G = Total turns spent on level
                    A         B        C        D         E        F      G
               +---------+---------+-------+---------+---------+-------+---------
         Total |       0 |     122 |   0.0 |       0 |      45 |   0.0 |  2094
               +---------+---------+-------+---------+---------+-------+---------
           D:1 |       0 |      35 |   0.0 |       0 |      10 |   0.0 |   757
           D:2 |       0 |      70 |   0.0 |       0 |      32 |   0.0 |  1046
           D:3 |       0 |      17 |   0.0 |       0 |       3 |   0.0 |   291
               +---------+---------+-------+---------+---------+-------+---------

Table legend:
 A = Turns spent in this place as a percentage of turns spent in the entire game.
 B = Non-inter-level travel turns spent in this place as a percentage of non-inter-level travel turns spent in the entire game.
 C = Inter-level travel turns spent in this place as a percentage of turns spent in this place.
 D = Turns resting spent in this place as a percentage of non-inter-level travel turns spent in this place.
 E = Turns spent auto-exploring this place as a percentage of non-inter-level travel turns spent in this place.
 F = Non-inter-level travel turns spent in this place divided by the number of levels of this place that you've seen.
                   A       B       C       D       E      F
               +-------+-------+-------+-------+-------+----------------------
         Total | 100.0 | 100.0 |   4.4 |  22.1 |  59.6 | 667.0
       Dungeon | 100.0 | 100.0 |   4.4 |  22.1 |  59.6 | 667.0
               +-------+-------+-------+-------+-------+----------------------

Table legend:
 A = Kills in this place as a percentage of kills in entire the game.
 B = Kills by you in this place as a percentage of kills by you in the entire game.
 C = Kills by friends in this place as a percentage of kills by friends in the entire game.
 D = Other kills in this place as a percentage of other kills in the entire game.
 E = Experience gained in this place as a percentage of experience gained in the entire game.
 F = Experience gained in this place divided by the number of levels of this place that you have seen.
                   A       B       C       D       E      F
               +-------+-------+-------+-------+-------+----------------------
         Total | 100.0 | 100.0 |   N/A |   N/A | 100.0 |  40.7
       Dungeon | 100.0 | 100.0 |   N/A |   N/A | 100.0 |  40.7
               +-------+-------+-------+-------+-------+----------------------
